 Dungeon Crawl Stone Soup version 0.25-a0-294-gea9b1ad378 (webtiles) character file.

Game seed: 15600797177114433404, levelgen mode: deterministic

564 hittemvvvvvvvvvvhard the Cutter (level 7, -2/72 HPs)
             Began as a Halfling Berserker on Dec 18, 2019.
             Was a Believer of Trog.
             Slain by Grinder (7 damage)
             ... on level 4 of the Dungeon.
             The game lasted 00:14:08 (4088 turns).

hittemvvvvvvvvvvhard the Cutter (HaBe)              Turns: 4088, Time: 00:14:09

Health: -2/72      AC: 10    Str: 23    XL:     7   Next: 58%
Magic:  7/7        EV: 15    Int:  5    God:    Trog [**....]
Gold:   288        SH:  0    Dex: 16    Spells: 6/6 levels left

rFire    . . .     SeeInvis .   a - +1 long sword (freeze)
rCold    . . .     Gourm    .   (shield restricted)
rNeg     . . .     Faith    .   r - +0 scale mail
rPois    .         Spirit   .   (no helmet)
rElec    .         Reflect  .   (no cloak)
rCorr    .         Harm     .   (no gloves)
MR       .....                  m - +2 pair of boots
Stlth    ..........             (no amulet)
HPRegen  0.22/turn              (no ring)
MPRegen  0.10/turn              (no ring)

@: berserking (expiring), very quick
A: small, mutation resistance 1
a: Berserk, Trog's Hand, Renounce Religion


You were on level 4 of the Dungeon.
You worshipped Trog.
Trog was pleased with you.
You were not hungry.

You visited 1 branch of the dungeon, and saw 4 of its levels.

You collected 288 gold pieces.

Inventory:

Hand Weapons
 a - a +1 long sword of freezing (weapon)
 w - a +2 short sword
Missiles
 e - 7 datura-tipped darts
 g - 43 bolts
 l - 29 arrows
 t - 13 sling bullets
 Q - 121 stones (quivered)
Armour
 m - a +2 pair of boots (worn)
 r - a +0 scale mail (worn)
Jewellery
 j - an uncursed ring of ice {unknown}
Scrolls
 b - a scroll of immolation {unknown}
 d - a scroll of remove curse
 f - a scroll of fog
 i - a scroll of fear {unknown}
 p - a scroll of magic mapping {unknown}
 v - a scroll of amnesia {unknown}
Potions
 h - a potion of curing {unknown}
 k - a potion of might {unknown}
 n - a potion of flight {unknown}
 o - a potion of agility
 q - a potion of lignification {unknown}
 s - a potion of invisibility {unknown}
 u - a potion of magic {unknown}
 x - a potion of degeneration {unknown}
Comestibles
 c - 5 rations


   Skills:
 + Level 4.1 Fighting
 + Level 7.1 Short Blades
 + Level 0.0(3.5) Long Blades
 + Level 3.9 Armour
 + Level 4.0 Dodging


You had 6 spell levels left.
You didn't know any spells.
Your spell library was empty.

Dungeon Overview and Level Annotations

Branches:
Dungeon (4/15)
 Temple: D:4-7

Altars:
Qazlal
Ru
Trog
Zin
The Shining One

Shops:
D:4 :(

Annotations:
D:2 exclusion: downstairs
D:4 Grinder


Innate Abilities, Weirdness & Mutations

You are small and have problems with some larger weapons.
You are somewhat resistant to further mutation.


Message History

MASSIVE DAMAGE!!
A red film seems to cover your vision as you go berserk!
You feel yourself moving faster!
You feel mighty!
You feel a lot more hungry. Grinder hits you but does no damage.
You now have 13/72 hp.
You hit Grinder. You closely miss Grinder. Grinder hits you but does no damage.
You barely miss Grinder. Grinder gestures at you.
You suddenly lose the ability to move!
Grinder hits you but does no damage. Grinder hits you!
* * * LOW HITPOINT WARNING * * *
You writhe in agony.
* * * LOW HITPOINT WARNING * * *
You can move again.
You take 8 damage, and have 5/72 hp.
You closely miss Grinder. Grinder completely misses you.
You slash Grinder! Grinder hits you!
You die...

## ## .## .. # .!.#
#...#.#. ...#
#.......#####..# #...#
#...#... ... ###.#.#
#.# #...@5# +#
####.####.####....#####
#.....##..............#
#.....................#
#.#.......#.##.#.#....
#.#.......####+#.##.)+
#.........##.....#...#
#.........##.....##..#
#####.##......_..'...#


You could see Grinder.

Levels and vault maps discovered:
D:1:      denvon_arrival_waterhouse, layout_loops_ring
D:2:      layout_basic
D:3:      minmay_diamond_boxcup, layout_loops_ring,
          nicolae_overflow_quartered_altars
D:4:      layout_loops_corners, first_ration, serial_shops,
          nicolae_shop_behind_doors, kennysheep_little_box,
          nicolae_tso_besieged_by_evil, uniq_blork_the_orc, uniq_grinder

Notes
Turn   | Place    | Note
-------+----------+-------------------------------------------
     0 | D:1      | hittemvvvvvvvvvvhard the Halfling Berserker began the quest
                  | for the Orb.
     0 | D:1      | Reached XP level 1. HP: 15/15 MP: 1/1
    50 | D:1      | Reached XP level 2. HP: 15/20 MP: 2/2
   149 | D:1      | Reached skill level 3 in Fighting
   149 | D:1      | Reached skill level 4 in Short Blades
   489 | D:1      | Reached XP level 3. HP: 23/26 MP: 3/3
  1008 | D:2      | Reached skill level 5 in Short Blades
  1027 | D:2      | Reached XP level 4. HP: 24/31 MP: 4/4
  1252 | D:2      | Reached ** piety under Trog
  1454 | D:2      | Reached skill level 6 in Short Blades
  1736 | D:2      | Reached XP level 5. HP: 35/36 MP: 5/5
  2470 | D:3      | Found a sacrificial altar of Ru.
  2487 | D:3      | Found a stormy altar of Qazlal.
  2499 | D:3      | Found a bloodstained altar of Trog.
  2648 | D:3      | Found a glowing silver altar of Zin.
  2882 | D:4      | Reached XP level 6. HP: 42/42 MP: 6/6
  3010 | D:4      | Reached skill level 3 in Dodging
  3012 | D:4      | Reached skill level 3 in Armour
  3429 | D:4      | Noticed an ogre
  3436 | D:4      | Killed an ogre
  3436 | D:4      | Reached XP level 7. HP: 47/47 MP: 7/7
  3494 | D:4      | Noticed Blork the orc
  3508 | D:4      | Killed Blork the orc
  3508 | D:4      | Reached skill level 4 in Fighting
  3508 | D:4      | Reached skill level 7 in Short Blades
  3595 | D:4      | Found Luocwa's Book Shop.
  3742 | D:4      | Found Jeavixigg's Weapon Shop.
  3754 | D:4      | Reached skill level 4 in Dodging
  3928 | D:4      | Found a glowing golden altar of the Shining One.
  4056 | D:4      | Noticed Grinder
  4080 | D:4      | HP: 11/48 [Grinder (3)]
  4084 | D:4      | Paralysed by Grinder for 2 turns
  4086 | D:4      | HP: 7/72 [Grinder (7)]
  4088 | D:4      | Slain by Grinder

Table legend:
 A = Turns spent in this place as a percentage of turns spent in the entire game.
 B = Non-inter-level travel turns spent in this place as a percentage of non-inter-level travel turns spent in the entire game.
 C = Inter-level travel turns spent in this place as a percentage of turns spent in this place.
 D = Turns resting spent in this place as a percentage of non-inter-level travel turns spent in this place.
 E = Turns spent auto-exploring this place as a percentage of non-inter-level travel turns spent in this place.
 F = Non-inter-level travel turns spent in this place divided by the number of levels of this place that you've seen.
                   A       B       C       D       E      F
               +-------+-------+-------+-------+-------+----------------------
         Total | 100.0 | 100.0 |   2.2 |   4.9 |  70.6 | 999.8
       Dungeon | 100.0 | 100.0 |   2.2 |   4.9 |  70.6 | 999.8
               +-------+-------+-------+-------+-------+----------------------

Table legend:
 A = Kills in this place as a percentage of kills in entire the game.
 B = Kills by you in this place as a percentage of kills by you in the entire game.
 C = Kills by friends in this place as a percentage of kills by friends in the entire game.
 D = Other kills in this place as a percentage of other kills in the entire game.
 E = Experience gained in this place as a percentage of experience gained in the entire game.
 F = Experience gained in this place divided by the number of levels of this place that you have seen.
                   A       B       C       D       E      F
               +-------+-------+-------+-------+-------+----------------------
         Total | 100.0 | 100.0 |   N/A |   N/A | 100.0 | 201.5
       Dungeon | 100.0 | 100.0 |   N/A |   N/A | 100.0 | 201.5
               +-------+-------+-------+-------+-------+----------------------

Skill      XL: |  1  2  3  4  5  6  7 |
---------------+----------------------+-----
Fighting       | 3 4 |  4.1
Short Blades   | 4 5 6 7 |  7.1
Dodging        | 3 4 |  4.0
Armour         | 3 |  3.9

Action                   |  1- 3 |  4- 6 |  7- 9 || total
-------------------------+-------+-------+-------++-------
Melee: Short sword       |    78 |   205 |    64 ||   347
       Long sword        |       |       |    19 ||    19
Throw: Stone             |     6 |    42 |    29 ||    77
Invok: Berserk           |       |     5 |     2 ||     7
       Trog's Hand       |       |     2 |     2 ||     4
  Use: Scroll            |     2 |     8 |     1 ||    11
 Stab: Sleeping          |     1 |       |       ||     1
  Eat: Chunk             |       |     9 |     4 ||    13
       Ration            |       |     1 |     1 ||     2
Armor: Animal skin       |     8 |     7 |       ||    15
       Leather armour    |       |     7 |       ||     7
       Scale mail        |       |    24 |    26 ||    50
Dodge: Dodged            |    56 |    92 |    25 ||   173

Vanquished Creatures
  An ogre (D:4)
  Blork the orc (D:4)
  2 scorpions (D:4)
  2 crimson imps
  A hound (D:4)
  An orc priest (D:4)
  A worker ant (D:4)
  An orc wizard (D:4)
  A gnoll (D:2)
  3 adders
  2 oozes
  2 worms
  3 dart slugs
  5 leopard geckos
  2 orcs (D:4)
  8 bats
  7 giant cockroaches
  6 goblins
  7 hobgoblins
  4 jackals (D:4)
  6 kobolds
  4 quokkas
  A ball python (D:1)
  9 frilled lizards
  A goblin skeleton (D:4)
  2 goblin zombies (D:4)
  2 hobgoblin zombies (D:4)
  2 kobold skeletons (D:4)
  A kobold zombie (D:4)
  An orc skeleton (D:4)
  4 rats
93 creatures vanquished.
